Map: [ESL] Oceanborn

Players

SKillous

  • Race: Protoss Protoss
  • League: Grandmaster
  • Spawn Location: 11:00

ShoWTimE - Winner!

  • Race: Protoss Protoss
  • League: Master
  • Spawn Location: 5:00

Event: HomeStory Cup XXV

VOD

Have the link to the VOD?

Description

Time

  • Played on: June 23, 2024, 11:31 a.m.
  • Length: 11:03

All games in this series

Show
View Real Time Build Order
Export as new Build Order

SKillous Protoss 

Build Orders: Phoenix Opening 

Get SALT Encoding   

  12  0:00  Probe  
  13  0:12  Probe  
  14  0:19  Pylon  
  14  0:24  Probe  
  15  0:37  Probe (Chrono Boost)  
  15  0:39  Gateway  
  16  0:46  Probe (Chrono Boost)  
  16  0:47  Assimilator  
  17  0:51  Probe (Chrono Boost)  
  17  0:55  Assimilator  
  18  1:03  Probe (Chrono Boost)  
  19  1:08  Gateway  
  19  1:12  Probe (Chrono Boost)  
  19  1:18  Probe  
  21  1:26  Cybernetics Core  
  21  1:30  Probe  
  22  1:38  Pylon  
  22  1:42  Probe  
  23  1:56  Probe  
  24  2:03  Sentry, Warp Gate  
  24  2:04  Stalker  
  24  2:07  Shield Battery  
  28  2:10  Probe  
  29  2:17  Pylon  
  29  2:22  Probe  
  30  2:25  Pylon  
  30  2:32  Sentry  
  30  2:33  Phoenix  
  32  2:40  Sentry  
  33  2:49  Nexus  
  33  2:51  Probe  
  34  3:02  Robotics Facility  
  34  3:04  Probe  
  35  3:13  Pylon  
  35  3:16  Probe  
  36  3:28  Probe (Chrono Boost)  
  37  3:40  Probe (Chrono Boost)  
  38  3:45  Probe (Chrono Boost)  
  39  3:49  Observer (Chrono Boost)  
  39  3:50  Nexus  
  39  3:54  Probe  
  41  3:56  Stalker  
  41  4:02  Observer (Chrono Boost), Probe (Chrono Boost)  
  44  4:08  Stalker  
  48  4:10  Probe (Chrono Boost)  
  48  4:14  Probe (Chrono Boost)  
  49  4:21  Probe (Chrono Boost)  
  51  4:24  Probe (Chrono Boost)  
  51  4:27  Immortal  
  51  4:28  Probe (Chrono Boost)  
  51  4:30  Probe (Chrono Boost)  
  57  4:33  Probe  
  58  4:40  Pylon  
  58  4:41  Probe  
  58  4:45  Forge, Probe  
  60  4:53  Probe  
  60  4:55  Pylon  
  60  4:59  Stalker x2  
  65  5:00  Probe  
  65  5:03  Probe (Chrono Boost)  
  65  5:05  Probe (Chrono Boost)  
  68  5:13  Probe (Chrono Boost)  
  69  5:17  Probe (Chrono Boost)  
  69  5:18  Assimilator  
  69  5:20  Immortal  
  69  5:21  Probe (Chrono Boost)  
  75  5:22  Probe (Chrono Boost)  
  75  5:24  Probe (Chrono Boost)  
  75  5:25  Protoss Ground Weapons Level 1 (Chrono Boost)  
  75  5:27  Probe x2 (Chrono Boost)  
  78  5:32  Probe  
  80  5:36  Twilight Council  
  80  5:39  Probe x2  
  80  5:41  Shield Battery  
  82  5:44  Pylon, Probe  
  82  5:48  Stalker  
  85  5:51  Probe x2  
  85  5:56  Pylon, Probe  
  88  6:01  Assimilator, Immortal  
  93  6:04  Probe  
  93  6:05  Stalker  
  93  6:07  Pylon  
  93  6:09  Blink (Chrono Boost)  
  95  6:18  Gateway  
  95  6:21  Gateway  
  95  6:25  Gateway x2  
  95  6:32  Gateway, Pylon  
  95  6:33  Gateway  
  95  6:39  Stalker x2  
  98  6:41  Probe  
  98  6:42  Probe x2  
  98  6:53  Probe  
  98  6:54  Probe x2  
  101  6:58  Nexus  
  101  7:02  Pylon  
  101  7:06  Pylon, Probe  
  102  7:08  Stalker x2  
  102  7:15  Stalker x2  
  110  7:23  Stalker x2  
  114  7:33  Stalker  
  114  7:36  Stalker x3  
  122  7:40  Gateway x2  
  122  7:41  Protoss Ground Weapons Level 2 (Chrono Boost)  
  122  7:43  Warp Prism (Chrono Boost)  
  122  7:47  Probe x3  
  127  7:52  Photon Cannon  
  127  7:53  Charge (Chrono Boost)  
  127  7:59  Forge  
  127  8:08  Stalker x4  
  127  8:11  Shield Battery  
  139  8:16  Probe  
  136  8:21  Stalker x4  
  144  8:30  Gateway  
  144  8:31  Protoss Ground Armor Level 1 (Chrono Boost)  
  144  8:32  Gateway  
  144  8:33  Probe  
  145  8:38  Stalker x2  
  145  8:39  Stalker  
  151  8:42  Photon Cannon  
  151  8:44  Shield Battery  
  151  8:48  Photon Cannon  
  151  8:52  Observer  
  149  8:58  Zealot x3  
  149  9:01  Nexus  
  155  9:03  Pylon  
  155  9:06  Pylon x2  
  155  9:16  Pylon  
  154  9:19  Shield Battery  
  154  9:20  Stalker  
  154  9:23  Pylon  
  156  9:25  Stalker x4  
  156  9:26  Stalker x2  
  156  9:28  Observer  
  156  9:29  Stalker x2  
  172  9:32  Pylon  
  172  9:42  Zealot  
  172  9:43  Zealot x2  
  178  9:45  Nexus  
  174  9:53  Zealot x2  
  174  9:54  Zealot x5  
  174  9:55  Zealot  
  188  10:00  Zealot  
  188  10:06  Zealot x3  
  148  10:18  Zealot x6  
  158  10:26  Zealot x2  
  158  10:27  Zealot  
  140  10:36  Zealot x3  
  140  10:42  Robotics Bay  
  146  10:45  Zealot x3  
Show
View Real Time Build Order
Export as new Build Order

ShoWTimE Protoss - Winner!

Build Orders: Phoenix Opening, Blink Stalkers 

Get SALT Encoding   

  12  0:00  Probe  
  13  0:12  Probe  
  14  0:16  Pylon  
  14  0:24  Probe (Chrono Boost)  
  16  0:35  Gateway  
  16  0:36  Probe (Chrono Boost)  
  16  0:44  Probe (Chrono Boost)  
  16  0:45  Assimilator  
  17  0:50  Probe  
  18  1:02  Probe (Chrono Boost)  
  19  1:04  Assimilator  
  19  1:10  Gateway  
  19  1:13  Probe (Chrono Boost)  
  19  1:18  Probe (Chrono Boost)  
  20  1:23  Cybernetics Core  
  21  1:29  Probe  
  22  1:35  Pylon  
  22  1:41  Probe  
  23  1:53  Probe  
  24  1:59  Stalker  
  24  2:00  Warp Gate  
  28  2:05  Sentry  
  28  2:06  Probe  
  29  2:18  Probe  
  30  2:26  Pylon  
  30  2:30  Probe  
  30  2:36  Phoenix  
  31  2:40  Nexus  
  31  2:43  Sentry  
  33  2:45  Sentry  
  35  2:51  Shield Battery  
  35  2:53  Probe  
  36  3:04  Twilight Council  
  36  3:06  Probe  
  36  3:11  Pylon  
  37  3:18  Probe  
  37  3:19  Phoenix  
  38  3:30  Probe (Chrono Boost)  
  39  3:36  Blink (Chrono Boost)  
  39  3:40  Probe (Chrono Boost)  
  40  3:45  Probe (Chrono Boost)  
  40  3:48  Stalker x2  
  43  3:53  Probe  
  46  3:56  Probe  
  47  4:05  Probe  
  47  4:07  Phoenix  
  47  4:08  Probe  
  49  4:17  Nexus, Probe  
  49  4:20  Probe  
  51  4:26  Adept x2  
  51  4:30  Pylon  
  55  4:34  Probe x2  
  55  4:37  Assimilator  
  57  4:46  Probe x2  
  57  4:49  Stalker x2  
  63  4:56  Forge  
  63  4:58  Probe x2  
  65  5:02  Pylon  
  65  5:10  Probe x2  
  67  5:18  Pylon  
  67  5:20  Protoss Ground Weapons Level 1  
  67  5:22  Probe (Chrono Boost)  
  67  5:24  Stalker, Probe (Chrono Boost)  
  67  5:25  Stalker  
  73  5:29  Probe (Chrono Boost)  
  73  5:35  Probe (Chrono Boost)  
  76  5:38  Probe (Chrono Boost)  
  76  5:39  Probe (Chrono Boost)  
  76  5:40  Probe (Chrono Boost)  
  76  5:41  Gateway  
  78  5:42  Gateway  
  78  5:44  Probe (Chrono Boost)  
  78  5:46  Probe  
  78  5:48  Robotics Facility  
  78  5:49  Probe  
  81  5:52  Charge (Chrono Boost)  
  81  5:55  Probe  
  82  5:58  Probe  
  82  6:01  Probe  
  84  6:05  Gateway  
  84  6:07  Phoenix  
  84  6:08  Gateway  
  84  6:10  Stalker x2  
  88  6:12  Shield Battery  
  88  6:18  Gateway  
  88  6:21  Gateway  
  88  6:36  Pylon  
  88  6:38  Immortal (Chrono Boost)  
  88  6:45  Stalker x4  
  96  6:50  Pylon  
  96  6:53  Nexus  
  96  6:56  Shield Battery  
  96  6:57  Phoenix  
  96  6:59  Pylon  
  96  7:01  Stalker  
  98  7:04  Pylon  
  98  7:08  Stalker x5  
  100  7:14  Zealot  
  110  7:16  Observer (Chrono Boost), Protoss Ground Weapons Level 2 (Chrono Boost)  
  110  7:20  Phoenix, Pylon  
  111  7:25  Probe x3  
  114  7:31  Immortal (Chrono Boost)  
  118  7:39  Zealot x7  
  118  7:40  Zealot  
  134  7:45  Shield Battery  
  134  7:46  Pylon  
  134  7:55  Probe x3  
  137  8:03  Warp Prism (Chrono Boost), Pylon  
  139  8:17  Zealot x8  
  155  8:24  Templar Archives  
  155  8:28  Pylon  
  155  8:35  Phoenix, Immortal (Chrono Boost)  
  155  8:40  Zealot x6  
  171  8:45  Pylon  
  171  8:46  Pylon  
  171  8:55  Pylon  
  171  8:59  Gateway  
  171  9:02  Gateway  
  170  9:07  Photon Cannon  
  170  9:09  Pylon  
  170  9:11  High Templar x2  
  170  9:12  Zealot x6  
  170  9:13  Observer  
  170  9:16  Archon  
  187  9:23  Gateway  
  187  9:24  Gateway  
  187  9:32  Photon Cannon  
  187  9:34  Zealot x6  
  199  9:52  Nexus  
  195  9:53  Pylon  
  195  9:55  Zealot x3  
  193  10:01  Zealot x4  
  193  10:02  Zealot  
  195  10:07  Observer  
  195  10:08  Zealot x2  
  189  10:15  Zealot x3  
  191  10:22  Zealot x4  
  191  10:25  Observer  
  184  10:31  Zealot x5  
  186  10:40  Stalker x2  
  186  10:41  Stalker  
  190  10:44  Probe x2  
  190  10:49  Zealot x4  
Tags
 
Add a new tag
Caveats
  • Supply blocks, unpowered buildings, or Contaminate may cause inaccurate times.
  • Supply counts are checked every 10 seconds.